AoeStats
← Elnor

Glade

510524328Analyzed
1v1 RM · 22h ago on Oct 1, 2026· 47m 53s· 2 players
Game mode
Random Map
Map size
Tiny (2 player)
Population
200
Speed
Normal
Resources
Standard
Victory
Conquest
Starting age
Dark Age
Ending age
Imperial Age
RankedLock teamsTeams togetherTeam positionsShared explorationLock speedFull tech treeHidden civsTurbo modeCheats
Victory
Defeat
🇮🇹 Celts · Italy
1590
+14
🇧🇪 Italians · Belgium
1555
-14
Lord Tatami II
7:05 Loom
9:23 Feudal Age
11:08 Double-Bit Axe
10:46 Man-at-Arms
12:53 Horse Collar
14:18 Wheelbarrow
19:50 Castle Age
19:08 Scale Barding Armor
20:21 Bloodlines
20:56 Husbandry
23:00 Fletching
23:11 Padded Archer Armor
27:22 Bodkin Arrow
27:42 Leather Archer Armor
32:56 Imperial Age
30:45 Careening
30:58 Ballistics
31:10 Gold Mining
31:40 Bow Saw
32:05 Scale Mail Armor
32:14 Squires
32:35 Masonry
32:35 Careening
32:27 Arson
33:01 Chain Mail Armor
32:57 Forging
35:00 Plate Mail Armor
35:07 Iron Casting
38:32 Blast Furnace
39:42 Bracer
39:26 Crossbowman
40:11 Thumb Ring
42:47 Chemistry
41:59 Careening
42:11 Thumb Ring
42:09 Arbalester
45:52 Architecture
45:44 Dry Dock
Elnor
8:15 Loom
10:35 Feudal Age
11:03 Double-Bit Axe
13:04 Horse Collar
13:59 Fletching
18:12 Castle Age
16:14 Gold Mining
17:22 Scale Mail Armor
18:35 Forging
18:45 Pikeman
19:56 Stone Mining
23:43 Wheelbarrow
24:23 Bow Saw
31:03 Imperial Age
29:21 Bodkin Arrow
29:27 Padded Archer Armor
29:20 Elite Skirmisher
30:59 Town Watch
32:49 Chemistry
32:10 Ballistics
32:21 Leather Archer Armor
33:00 Masonry
33:18 Hand Cart
34:49 Chain Mail Armor
35:05 Ring Archer Armor
35:08 Conscription
36:14 Man-at-Arms
37:08 Gambesons
37:10 Long Swordsman
38:21 Plate Mail Armor
38:15 Two-Handed Swordsman
39:32 Murder Holes
41:25 Champion
42:42 Iron Casting
45:44 Scale Barding Armor
46:55 Blast Furnace
45:20 Cavalier
46:00 Husbandry
47:22 Chain Barding Armor
Connection lost

Rejoining the realm…

Still unreachable

The connection could not be restored.

Session expired

The server has moved on; the page needs a fresh start.